 Dungeon Crawl Stone Soup version 0.16-a0-3699-g1c51eb1 (webtiles) character file.

360 dysrexia the Cudgeler (level 6, 0/37 HPs)
             Began as a Gargoyle Fighter on Jan 18, 2015.
             Slain by an ogre
             ... wielding a +0 giant club
              (15 damage)
             ... on level 4 of the Dungeon.
             The game lasted 00:07:41 (2744 turns).

dysrexia the Cudgeler (Gargoyle Fighter)            Turns: 2744, Time: 00:07:42

Health: 0/37       AC: 13    Str: 21    XL:     6   Next: 65%
Magic:  6/6        EV:  7    Int:  9    God:
Gold:   175        SH:  9    Dex:  9    Spells: 0 memorised, 5 levels left

rFire  . . .     SeeInvis .     j - +0 mace (venom)
rCold  . . .     Clarity  .     b - +0 scale mail
rNeg   + . .     SustAb   .     c - +0 shield
rPois  ∞         Gourm    .     (no helmet)
rElec  +         Spirit   .     o - +0 cloak
rCorr  .         Warding  .     n - +0 pair of gloves
rMut   .         Stasis   .     (no boots)
MR     .....                    (no amulet)
Stlth  ..........               (no ring)
                                (no ring)

@: not resistant to hostile enchantments, extremely unstealthy
A: negative energy resistance 1, electricity resistance, unbreathing,
petrification resistance, rot immunity, AC +4
a: no special abilities


You were on level 4 of the Dungeon.
You were not hungry.

You visited 1 branch of the dungeon, and saw 4 of its levels.

You collected 175 gold pieces.

Inventory:

Hand weapons
 a - a +0 flail
 j - a +0 mace of venom (weapon)
Armour
 b - a +0 scale mail (worn)
 c - a +0 shield (worn)
 n - a +0 pair of gloves (worn)
 o - a +0 cloak (worn)
Scrolls
 g - a scroll of fear
 h - 6 scrolls of teleportation
 i - 2 scrolls of enchant weapon
 m - 2 scrolls of identify
 p - a scroll of remove curse {unknown}
 q - a scroll of amnesia {unknown}
 r - a scroll of fog {unknown}
 s - a scroll of noise {unknown}
 t - a scroll of random uselessness {unknown}
Potions
 e - a potion of might
 f - 5 potions of curing
 k - a potion of heal wounds {unknown}
 l - 3 potions of haste
 v - a potion of beneficial mutation {unknown}
Comestibles
 d - 3 bread rations


   Skills:
 - Level 3.2 Fighting
 + Level 6.9 Maces & Flails
 - Level 3.2 Armour
 - Level 3.2 Shields


You had 5 spell levels left.
You didn't know any spells.

Dungeon Overview and Level Annotations

Branches:
Dungeon (4/15)             Temple (0/1) D:4

Altars:
Cheibriados


Innate Abilities, Weirdness & Mutations

You are resistant to torment.
You are immune to poison.
Your stone body is very resilient (AC +4).
You resist negative energy.
You are resistant to electric shocks.
You can survive without breathing.
You are immune to petrification.
You are immune to rotting.


Message History

You see here a bat skeleton.
You see here a club.
Found 30 stones.
An ogre comes into view. It is wielding a giant club.
The ogre shouts!
Found a staircase to the Ecumenical Temple.
You closely miss the ogre. The ogre hits you with a giant club.
You barely miss the ogre. The ogre barely misses you.
You hit the ogre.
The ogre is lightly wounded.
You barely miss the ogre.
The ogre is lightly wounded.
The ogre hits you with a giant club!
You sock the ogre!
The ogre is poisoned.
The ogre is heavily wounded.
The ogre hits you with a giant club!
You hit the ogre.
The ogre is severely wounded.
The ogre hits you with a giant club!
You die...

#.#######. #.# ##.
#.######.. #........#
##############.######..
#............(..# ##.
#..#..#..#..#...# ##
#...............#
#>....O@........#
#...............#
#..#..#..#..#...#
#...............#
################


You could see an ogre.

Vanquished Creatures
  The ghost of trelanon the Shooter, an average CeHu (D:3)
  A scorpion (D:4)
  An iguana (D:4)
  An orc wizard (D:4)
  3 gnolls
  6 adders
  A giant mite (D:3)
  2 worms (D:2)
  A giant gecko (D:1)
  An ooze (D:2)
  3 orcs
  4 giant cockroaches
  8 goblins
  7 hobgoblins
  13 kobolds
  A ball python (D:1)
  13 bats
  A giant gecko skeleton (D:4)
  3 giant newts
  A quokka (D:3)
  8 rats
80 creatures vanquished.

Notes
Turn   | Place    | Note
--------------------------------------------------------------
     0 | D:1      | dysrexia, the Gargoyle Fighter, began the quest for the Orb.
     0 | D:1      | Reached XP level 1. HP: 14/14 MP: 1/1
   186 | D:1      | Reached XP level 2. HP: 19/19 MP: 2/2
   534 | D:1      | Reached XP level 3. HP: 23/23 MP: 3/3
   781 | D:1      | Reached skill level 4 in Maces & Flails
   785 | D:1      | Reached XP level 4. HP: 24/28 MP: 4/4
  1025 | D:2      | Reached skill level 5 in Maces & Flails
  1039 | D:2      | Reached XP level 5. HP: 21/32 MP: 5/5
  1252 | D:3      | Noticed trelanon's ghost (average CeHu)
  1285 | D:3      | Killed trelanon's ghost
  1572 | D:3      | Reached skill level 6 in Maces & Flails
  1576 | D:3      | Found a snail-covered altar of Cheibriados.
  1653 | D:3      | Reached XP level 6. HP: 37/37 MP: 6/6
  2736 | D:4      | Found a staircase to the Ecumenical Temple.
  2744 | D:4      | Slain by an ogre

Action                   |  1- 3 |  4- 6 || total
-------------------------+-------+-------++-------
Melee: Flail             |    27 |       ||    27
       Mace              |    57 |   184 ||   241
  Use: Scroll            |       |     5 ||     5
  Eat: Chunk             |       |     5 ||     5
       Beef jerky        |       |     1 ||     1
